 Dungeon Crawl Stone Soup version 0.26-a0-612-gd4d190f45e (webtiles) character file.

Game seed: 16035909945745600133

157 DogServant the Ruffian (level 5, 0/53 HPs)
             Began as a Troll Berserker on Sept 10, 2020.
             Was a Believer of Trog.
             Slain by an orc wizard
             ... wielding a +0 dagger
              (3 damage)
             ... on level 3 of the Dungeon.
             The game lasted 00:04:28 (1467 turns).

DogServant the Ruffian (Troll Berserker)            Turns: 1467, Time: 00:04:29

Health: 0/53       AC:  7    Str: 26    XL:     5   Next: 15%
Magic:  4/4        EV: 10    Int:  3    God:    Trog [**....]
Gold:   151        SH:  0    Dex:  9    Spells: 4/4 levels left

rFire    . . .     SeeInvis .     - Unarmed
rCold    . . .     Faith    .   (no shield)
rNeg     . . .     Spirit   .   a - +0 animal skin
rPois    .         Reflect  .   (helmet restricted)
rElec    .         Harm     .   g - +0 cloak
rCorr    .                      (gloves unavailable)
MR       .....                  (boots unavailable)
Stlth    ++........             (no amulet)
HPRegen  0.57/turn              f - ring of stealth
MPRegen  0.09/turn              (no ring)

@: mighty
A: large, unfitting armour, claws 3, regeneration 1, shaggy fur 1, tough skin 3
a: Berserk, Trog's Hand, Renounce Religion


You were on level 3 of the Dungeon.
You worshipped Trog.
Trog was pleased with you.
You visited 1 branch of the dungeon, and saw 3 of its levels.

You collected 151 gold pieces.

Inventory:

Armour
 a - a +0 animal skin (worn)
 g - a +0 cloak (worn)
 l - a +0 pair of boots
Jewellery
 f - a ring of stealth (left claw)
 j - an uncursed amulet of magic regeneration
Scrolls
 d - a scroll of teleportation {unknown}
 h - a scroll of remove curse
Potions
 b - 3 potions of curing
 c - 2 potions of might
 e - a potion of lignification {unknown}
 k - a potion of brilliance {unknown}


   Skills:
 + Level 3.3 Fighting
 + Level 3.3 Dodging
 * Level 4.3 Unarmed Combat


You had 4 spell levels left.
You didn't know any spells.
Your spell library was empty.

Dungeon Overview and Level Annotations

Branches:
Dungeon (3/15)

Altars:
Fedhas
Sif Muna
The Shining One


Innate Abilities, Weirdness & Mutations

You are too large for most types of armour.
You have claws for hands.
Your natural rate of healing is unusually fast.
You are covered in fur. (AC +1)
You have extremely tough skin. (AC +3)


Message History

The puff of frost hits you!
You scratch something but do no damage.
Something hits you but does no damage. x2
Things that are here:
a +0 short sword of electrocution; a +0 scale mail A magic dart appears from out of thin air!
The magic dart hits you!
* * * LOW HITPOINT WARNING * * *
The bat barely misses you.
You claw the bat!
You kill the bat!
Trog accepts your kill.
You hear some strange, mumbled words.
A puff of flame appears from out of thin air!
The puff of flame hits you!
* * * LOW HITPOINT WARNING * * *
Okay, then.
It was a potion of might.
You feel very mighty all of a sudden. Something hits you.
You die...

##..[....###
#.....))...#
#..#####.#.## #..#
###....####
#########..###.)g.#....#
.............#)#w...##.#
.....####..#.#.#)#.##
####.# #..#.#{#†#.# #.#
#..# #b#@#.. #.# #..#
#w#.#..# #.# #..# #.#.#
.# #.# #..# #g#.# #.#
... ..... ####.# ...
[†...# .## ####....# ..
##...


You could see a dart slug and a hobgoblin.

Vanquished Creatures
  5 adders (D:2)
  An ooze (D:2)
  4 worms
  6 orcs (D:3)
  15 giant cockroaches
  5 goblins
  3 hobgoblins
  6 jackals
  8 kobolds
  3 bats
  3 frilled lizards
  7 rats
66 creatures vanquished.

Vanquished Creatures (others)
  An orc wizard (D:3)
1 creature vanquished.

Grand Total: 67 creatures vanquished

Notes
Turn   | Place    | Note
-------+----------+-------------------------------------------
     0 | D:1      | DogServant the Troll Berserker began the quest for the Orb.
     0 | D:1      | Reached XP level 1. HP: 22/22 MP: 0/0
    72 | D:1      | Reached XP level 2. HP: 29/29 MP: 1/1
   652 | D:2      | Reached XP level 3. HP: 31/36 MP: 2/2
   703 | D:2      | Reached ** piety under Trog
   799 | D:2      | Reached XP level 4. HP: 45/45 MP: 3/3
   985 | D:2      | Reached skill level 4 in Unarmed Combat
  1057 | D:2      | Found a glowing golden altar of the Shining One.
  1149 | D:2      | Found a blossoming altar of Fedhas.
  1348 | D:3      | Found a shimmering blue altar of Sif Muna.
  1450 | D:3      | Reached XP level 5. HP: 43/53 MP: 4/4
  1467 | D:3      | Slain by an orc wizard

Illustrated notes

Levels and vault maps discovered:
D:1:      dpeg_arrival_pits, layout_basic, hangedman_decor_push,
          minmay_split_cup_large
D:2:      minmay_roachtagon, layout_loops_ring, lemuel_coloured_pillars_altar,
          nicolae_tso_carved_into_rock
D:3:      layout_loops_ring, minitemple, lemuel_blue_sif_altar

Skill      XL: |  1  2  3  4 |
---------------+-------------+-----
Fighting       | 3 |  3.3
Dodging        | 3 |  3.3
Unarmed Combat | 4 |  4.3

Action                   |  1- 3 |  4- 6 || total
-------------------------+-------+-------++-------
Melee: Unarmed           |    91 |    93 ||   184
       Punch             |     1 |     1 ||     2
  Use: Scroll            |       |     7 ||     7
       Potion            |       |     1 ||     1
Armor: Animal skin       |    41 |    29 ||    70
Dodge: Dodged            |    52 |    46 ||    98

Table legend: (Time is in decaauts)
 A = Elapsed time spent in this place.
 B = Non-inter-level travel time spent in this place.
 C = Inter-level travel time spent in this place.
 D = Time resting spent in this place.
 E = Time spent auto-exploring this place.
 F = Levels seen in this place.
 G = Mean time per level.
                   A        B        C        D        E       F      G
               +--------+--------+--------+--------+--------+-----+--------+
         Total |   1453 |   1417 |     36 |      0 |   1011 |   3 |  484.3 |
       Dungeon |   1453 |   1417 |     36 |      0 |   1011 |   3 |  484.3 |
               +--------+--------+--------+--------+--------+-----+--------+

Top non-repeatable levels by time:
     D:2: 704 daAuts
     D:1: 610 daAuts
     D:3: 138 daAuts
